 Dungeon Crawl Stone Soup version 0.24.0-123-gd5b16e6ec5 (webtiles) character file.

Game seed: 2170017573969271542, levelgen mode: deterministic

774197 FessEmpty the Phalangite (level 27, -10/214 (226) HPs)
             Began as a Grey Draconian Artificer on Dec 27, 2019.
             Was an Elder of Ashenzari.
             Killed by the effects of Hell (23 damage)
             ... on level 7 of Gehenna on Dec 28, 2019.
             The game lasted 07:22:15 (89547 turns).

FessEmpty the Phalangite (DrAr)                    Turns: 89547, Time: 07:22:16

HP:   -10/214 (226) AC: 28    Str: 23      XL:     27
MP:   37/47         EV: 19    Int: 23 (26) God:    Ashenzari [****..]
Gold: 6432          SH: 22    Dex:  9      Spells: 7/67 levels left

rFire    + + +     SeeInvis +   a - +9 trishula (holy) (curse)
rCold    + + .     Gourm    .   W - +2 shield {AC+3} (curse)
rNeg     + . .     Faith    .   (armour unavailable)
rPois    +         Spirit   .   P - +0 hat (curse)
rElec    +         Reflect  +   L - +2 cloak {MR+} (curse)
rCorr    .         Harm     .   C - +2 pair of gloves (curse)
MR       +++..     Clarity  +   F - +0 pair of boots of Focus {rElec rC++ Str+6} (curse)
Stlth    ..........             y - +6 amulet of reflection (curse)
HPRegen  1.45/turn              V - ring of Unaaxt {Fire rElec rPois Int+7 Stlth-}
MPRegen  0.30/turn              p - ring "Fuusk" {rPois rF++ rC+ rN+, =R} (curse)

@: regenerating
A: walk through water, unfitting armour, horns 1, blurry vision 1, clumsy 2,
weak 1, unbreathing, cold-blooded, AC +18
}: 5/15 runes: decaying, serpentine, slimy, silver, abyssal
a: Curse Item, Scrying, Renounce Religion


You were on level 7 of Gehenna.
You worshipped Ashenzari.
Ashenzari was greatly pleased with you.
You were near starving.

You visited 14 branches of the dungeon, and saw 66 of its levels.
You visited the Abyss 1 time.
You visited 1 bazaar.
You also visited: Trove.

You collected 9046 gold pieces.
You spent 2614 gold pieces at shops.

Inventory:

Hand Weapons
 a - a cursed +9 trishula of holy wrath (weapon)
 b - a +9 demon trident of flaming
 Q - the +5 great mace of Strategic Superiority {protect, Int+6}
   (You found it on level 3 of the Swamp)

   It grants its wielder temporary protection when it strikes (+7 to AC).
   It affects your intelligence (+6).
Armour
 C - a cursed +2 pair of gloves (worn)
 F - the cursed +0 pair of boots of Focus (worn) {rElec rC++ Str+6}
   (You found it on level 5 of the Pits of Slime)

   It affects your strength (+6).
   It greatly protects you from cold.
   It insulates you from electricity.
   It has a curse placed upon it.
 L - a cursed +2 cloak of magic resistance (worn)
 P - a cursed +0 hat (worn)
 W - a cursed +2 shield of protection (worn)
Magical Staves
 e - an uncursed staff of summoning
 B - an uncursed staff of earth
Jewellery
 g - an uncursed ring of protection from magic
 p - the cursed ring "Fuusk" (right hand) {rPois rF++ rC+ rN+, =R}
   (You bought it in a shop on level 4 of the Dungeon)

   [ring of poison resistance]

   It greatly protects you from fire.
   It protects you from cold.
   It protects you from poison.
   It protects you from negative energy.
   It has a curse placed upon it.
 y - a cursed +6 amulet of reflection (around neck)
 U - an uncursed ring of resist corrosion
 V - the ring of Unaaxt (left hand) {Fire rElec rPois Int+7 Stlth-}
   (You took it off a deep elf mage on level 3 of the Elven Halls)

   [ring of fire]

   It enhances your fire magic.
   It affects your intelligence (+7).
   It protects you from fire.
   It makes you vulnerable to cold.
   It insulates you from electricity.
   It protects you from poison.
   It makes you less stealthy.
Wands
 x - a wand of scattershot (1)
 G - a wand of clouds (22)
 H - a wand of acid (26)
 X - a wand of digging (22)
Scrolls
 k - 3 scrolls of silence
 l - 13 scrolls of enchant armour
 m - 12 scrolls of remove curse
 n - 5 scrolls of blinking
 r - 9 scrolls of fog
 v - 26 scrolls of teleportation
 D - a scroll of summoning
 E - 9 scrolls of fear
 J - 5 scrolls of immolation
 O - a scroll of brand weapon
 S - 5 scrolls of magic mapping
 T - 6 scrolls of identify
 Y - 8 scrolls of amnesia
Potions
 d - 8 potions of flight
 h - 5 potions of resistance
 j - 10 potions of might
 o - 16 potions of curing
 q - 6 potions of invisibility
 t - 3 potions of magic
 w - 5 potions of haste
 A - 3 potions of agility
 I - 3 potions of mutation
 K - 2 potions of ambrosia
 N - 4 potions of cancellation
 R - 5 potions of berserk rage
Miscellaneous
 c - a lightning rod (4/4)
 i - 3 phantom mirrors
 u - a fan of gales
 M - a phial of floods
 Z - a lamp of fire
Comestibles
 f - 56 rations


   Skills:
 - Level 14.9 Fighting
   Level 1.0 Short Blades
 - Level 24.0(26.4) Polearms
 - Level 12.0(15.1) Dodging
 - Level 15.0(16.8) Shields
 - Level 20.5 Spellcasting
 - Level 11.0(13.1) Conjurations
 - Level 2.0(3.7) Hexes
 + Level 12.1(14.1) Charms
 - Level 19.3(21.0) Summonings
 + Level 15.0(16.9) Necromancy
 - Level 7.4(9.8) Translocations
 + Level 20.1(21.7) Earth Magic
 - Level 6.0(8.3) Evocations


You had 7 spell levels left.
You knew the following spells:

 Your Spells              Type           Power        Failure   Level  Hunger
a - Apportation           Tloc           ######       1%          1    None
b - Summon Horrible Thin  Summ           #######...   2%          8    ######.
c - Regeneration          Chrm/Necr      #######...   0%          3    None
d - Summon Butterflies    Summ           #######.     0%          1    None
e - Iron Shot             Conj/Erth      #######...   1%          6    ###....
f - Lee's Rapid Deconstr  Erth           #######...   0%          5    None
g - Passwall              Tmut/Erth      ######..     1%          2    None
h - Passage of Golubria   Tloc           N/A          1%          4    None
i - Malign Gateway        Summ/Tloc      #######...   3%          7    #####..
k - Death's Door          Chrm/Necr      #######...   22%         8    ######.
l - Blink                 Tloc           N/A          1%          2    None
m - Lesser Beckoning      Tloc           ######....   1%          3    None
n - Borgnjor's Vile Clut  Necr/Erth      #######...   1%          5    None
o - Spectral Weapon       Hex/Chrm       ######..     1%          3    None
p - Swiftness             Chrm/Air       ######..     1%          2    None

Your spell library contained the following spells:

 Spells                   Type           Power        Failure   Level  Hunger
 Animate Skeleton         Necr           N/A          0%          1    None
 Infusion                 Chrm           ####         0%          1    None
 Magic Dart               Conj           ####         0%          1    None
 Sandblast                Erth           ######       0%          1    None
 Summon Small Mammal      Summ           ####         0%          1    None
 Call Imp                 Summ           #######.     0%          2    None
 Corpse Rot               Necr           N/A          0%          2    None
 Searing Ray              Conj           ######       0%          2    None
 Song of Slaying          Chrm           ######..     0%          2    None
 Sublimation of Blood     Necr           #######...   0%          2    None
 Call Canine Familiar     Summ           #######.     0%          3    None
 Stone Arrow              Conj/Erth      ######       0%          3    None
 Beastly Appendage        Tmut           ###...       1%          1    None
 Confusing Touch          Hex            #####.       1%          1    None
 Corona                   Hex            #####..      1%          1    None
 Flame Tongue             Conj/Fire      #####        1%          1    None
 Freeze                   Ice            ###.         1%          1    None
 Shock                    Conj/Air       ####         1%          1    None
 Sting                    Conj/Pois      ####         1%          1    None
 Ensorcelled Hibernation  Hex/Ice        ####..       1%          2    None
 Shroud of Golubria       Chrm/Tloc      ######       1%          2    None
 Slow                     Hex            #####...     1%          2    None
 Throw Frost              Conj/Ice       ######       1%          2    None
 Confuse                  Hex            #####...     1%          3    None
 Conjure Flame            Conj/Fire      ######..     1%          3    None
 Dazzling Spray           Conj/Hex       ######       1%          3    None
 Gell's Gravitas          Tloc           ######....   1%          3    None
 Mephitic Cloud           Conj/Pois/Air  #####...     1%          3    None
 Ozocubu's Armour         Chrm/Ice       ######..     1%          3    None
 Portal Projectile        Hex/Tloc       ######       1%          3    None
 Summon Guardian Golem    Hex/Summ       ######..     1%          3    None
 Teleport Other           Tloc           ######..     1%          3    None
 Tukima's Dance           Hex            #####...     1%          3    None
 Force Lance              Conj/Tloc      ######..     1%          4    None
 Fulminant Prism          Conj/Hex       ######....   1%          4    None
 Iskenderun's Mystic Bla  Conj           ######..     1%          4    None
 Leda's Liquefaction      Hex/Erth       ######....   1%          4    None
 Petrify                  Tmut/Erth      ######..     1%          4    None
 Summon Ice Beast         Ice/Summ       ######..     1%          4    None
 Summon Lightning Spire   Summ/Air       ######..     1%          4    None
 Throw Icicle             Conj/Ice       ######..     1%          4    None
 Agony                    Necr           #######.     1%          5    None
 Bolt of Draining         Conj/Necr      #######...   1%          5    None
 Dispel Undead            Necr           #######.     1%          5    None
 Excruciating Wounds      Chrm/Necr      #######...   1%          5    None
 Summon Mana Viper        Hex/Summ       ######..     1%          5    None
 Haunt                    Necr/Summ      #######...   1%          7    #####..
 Monstrous Menagerie      Summ           #######...   1%          7    #####..
 Summon Greater Demon     Summ           #######...   1%          7    #####..
 Poisonous Vapours        Pois/Air       ###...       2%          2    None
 Sticks to Snakes         Tmut           ###.....     2%          2    None
 Inner Flame              Hex/Fire       #####...     2%          3    None
 Fireball                 Conj/Fire      ######....   3%          5    None
 Irradiate                Conj/Tmut      ######....   3%          5    None
 Lightning Bolt           Conj/Air       ######....   3%          5    None
 Venom Bolt               Conj/Pois      ######....   3%          5    None
 Statue Form              Tmut/Erth      ######...    3%          6    ###....
 Ignite Poison            Fire/Tmut/Pois #####...     4%          3    None
 Spider Form              Tmut/Pois      ###.......   4%          3    None
 Cause Fear               Hex            #####.....   4%          4    None
 Ice Form                 Ice/Tmut       ###.....     17%         4    None
 Olgreb's Toxic Radiance  Pois           ###.....     17%         4    None
 Bolt of Fire             Conj/Fire      ######....   19%         6    ###....
 Poison Arrow             Conj/Pois      ######....   19%         6    ###....
 Silence                  Hex/Air        ####......   24%         5    None
 Yara's Violent Unravell  Hex/Tmut       ####......   24%         5    None
 Freezing Cloud           Conj/Ice/Air   #####.....   41%         6    ###....
 Alistair's Intoxication  Tmut/Pois      ###.....     43%         5    None
 Blade Hands              Tmut           ###.......   43%         5    None
 Darkness                 Hex            #####.....   54%         6    ###....
 Invisibility             Hex            #####...     54%         6    ###....
 Ring of Flames           Chrm/Fire      ######....   63%         7    #####..
 Hydra Form               Tmut           ###.......   95%         6    ###....
 Dragon Form              Tmut           ###.......   100%        7    #####..
 Lehudib's Crystal Spear  Conj/Erth      #######...   10%         8    ######.
 Borgnjor's Revivificati  Necr           #######...   12%         8    ######.
 Infestation              Necr           #######...   12%         8    ######.
 Shatter                  Erth           #######...   26%         9    #######
 Necromutation            Tmut/Necr      ######....   98%         8    ######.
 Chain Lightning          Conj/Air       ######....   100%        8    ######.
 Ignition                 Fire           #####.....   100%        8    ######.
 Fire Storm               Conj/Fire      ######....   100%        9    #######
 Glaciate                 Conj/Ice       ######....   100%        9    #######


Dungeon Overview and Level Annotations

Branches:
Dungeon (15/15)            Temple (1/1) D:6            Lair (6/6) D:10
  Swamp (4/4) Lair:2        Snake (4/4) Lair:3        Slime (5/5) Lair:5
    Orc (2/2) D:9             Elf (3/3) Orc:2        Vaults (5/5) D:14
  Crypt (3/3) Vaults:3       Tomb (0/3) Crypt:3      Depths (5/5) D:15
   Hell (visited)             Dis (0/7) Hell            Geh (7/7) Hell
    Coc (0/7) Hell            Tar (0/7) Hell            Zot (5/5) Depths:5

Altars:
Ashenzari
Cheibriados
Dithmenos
Elyvilon
Fedhas
Gozag
Hepliaklqana
Kikubaaqudgha
Makhleb
Nemelex Xobeh
Okawaru
Qazlal
Ru
Sif Muna
Trog
Uskayaw
Vehumet
Wu Jian
Xom
Yredelemnul
Zin
The Shining One
Beogh

Shops:
D:4 =   D:8 (   D:11 (   D:14 ?   Orc:2 [[=:   Elf:1 :*   Elf:3 }?!(*
Snake:4 }   Vaults:1 [   Vaults:4 *   Depths:3 =

Portals:
Hell: Depths:1 Depths:2 Depths:3 Depths:4 Depths:5
Abyss: Depths:1 Depths:2 Depths:4
Pandemonium: Depths:3 Depths:5
Ziggurat: Depths:3

Annotations:
Depths:3 3 runed translucent doors, 1 exclusion, Loemalae's ghost, adept FoFi


Innate Abilities, Weirdness & Mutations

You can walk through water.
Your dull iron-grey scales are very hard. (AC +18)
You cannot fit into any form of body armour.
You can survive without breathing.
You are cold-blooded and may be slowed by cold attacks.
You have a pair of small horns on your head.
Scrolls take you a little longer to read.
You are very clumsy. (Dex -4)
You are weak. (Str -2)


Message History

You reach to attack!
You hit the fire giant.
The fire giant is lightly wounded.
Your skin is crawling a little less now.
Your spectral weapon hits the fire giant!
The fire giant hits your spectral weapon with a +2 great sword of flaming!!
Your spectral weapon shares its damage with you!
The fire giant burns your spectral weapon.
Your spectral weapon fades away.
Attack whom?
Press: ? - help, Dir - move target cursor, f/p - fire giant
Aim: a fire giant, wielding a +2 great sword of flaming (moderately wounded)
You reach to attack!
You impale the fire giant!!
The fire giant is heavily wounded.
You impale the wraith!!
The wraith convulses.
The wraith is severely damaged.
You perforate the wraith like a sieve!!!
You destroy the wraith!
The fire giant gestures at you while chanting.
The bolt of fire hits you. You resist.
Attack whom?
Press: ? - help, Dir - move target cursor, f/p - fire giant
Aim: a fire giant, wielding a +2 great sword of flaming (heavily wounded)
You reach to attack!
You puncture the fire giant!
The fire giant is severely wounded.
You impale the fire giant!!
The fire giant is almost dead.
You impale the fire giant!!
You kill the fire giant!
Your base Necromancy skill increases to level 15!
You close the door, pushing everything out of the way.
Things that are here:
a +0 demon whip of pain; a +2 great sword of flaming x2
You start resting.
Your skin stops crawling.
Casting: Spectral Weapon (safe; 1% risk of failure)
Confirm with . or Enter, or press ? or * to list all spells.
Your skin crawls.
A molten gargoyle comes into view. It is wielding a +0 mace.
The molten gargoyle blasts magma at you!
The bolt of magma misses you.
No target in range!
The molten gargoyle blasts magma at you!
The bolt of magma misses you.
Attack whom?
Press: ? - help, Dir - move target cursor, f - molten gargoyle
Aim: a molten gargoyle, wielding a +0 mace (lava)
You reach to attack!
You hit the molten gargoyle but do no damage.
You barely miss the molten gargoyle.
You headbutt the molten gargoyle, but do no damage.
You tail-slap the molten gargoyle, but do no damage.
The molten gargoyle barely misses you.
You impale the molten gargoyle!!
You destroy the molten gargoyle!
No target in view! "You do not belong in this place!"
A molten gargoyle comes into view. It is wielding a +0 morningstar.
The molten gargoyle blasts magma at you!
The bolt of magma misses you.
No reachable target in view!
Attack whom?
Press: ? - help, Dir - move target cursor, f - molten gargoyle
Aim: a molten gargoyle, wielding a +0 morningstar (black smoke, lava)
You reach to attack!
You hit the molten gargoyle but do no damage.
You stick the molten gargoyle like a pincushion!!!
You destroy the molten gargoyle!
You hear a sizzling splash.
You hear a roar!
A smoke demon comes into view.
Unknown command.
Casting: Regeneration (safe; 0% risk of failure)
Confirm with . or Enter, or press ? or * to list all spells.
You can't see any susceptible monsters within range! (Use Z to cast anyway.)
Your skin is crawling a little less now.
Casting: Regeneration (safe; 0% risk of failure)
Confirm with . or Enter, or press ? or * to list all spells.
You can't see any susceptible monsters within range! (Use Z to cast anyway.)
Casting: Regeneration (safe; 0% risk of failure)
Confirm with . or Enter, or press ? or * to list all spells.
Aiming: Lesser Beckoning (safe; 1% risk of failure)
Press: ? - help, Shift-Dir - straight line, f - smoke demon
Aim: a smoke demon (lava)
The smoke demon hurls suddenly forward!
You block the smoke demon's attack.
The smoke demon hits you but does no damage. x2
You puncture the smoke demon!
The smoke demon convulses!
You headbutt the smoke demon.
The smoke demon is heavily wounded.
The smoke demon gestures at you. Something smites you!
You closely miss the smoke demon.
The smoke demon is heavily wounded.
You puncture the smoke demon!
The smoke demon convulses!
The smoke demon is almost dead.
The smoke demon gestures at you. Something smites you!
A fire elemental comes into view.
You impale the smoke demon!!
You kill the smoke demon!
The fire elemental moves out of view.
Your skin stops crawling.
No target in range!
Attack whom?
Press: ? - help, Dir - move target cursor, f - fire elemental
Aim: a fire elemental (black smoke, lava)
You reach to attack!
You puncture the fire elemental!
The fire elemental is moderately damaged.
You impale the fire elemental!!
You destroy the fire elemental!
A red devil comes into view. It is wielding a +0 trident.
Casting: Lesser Beckoning (safe; 1% risk of failure)
Confirm with . or Enter, or press ? or * to list all spells.
Your skin crawls.
Attack whom?
Press: ? - help, Dir - move target cursor, f - red devil
Aim: a red devil, wielding a +0 trident You reach to attack!
You impale the red devil!!
The red devil convulses.
The red devil is severely wounded.
Attack whom?
Press: ? - help, Dir - move target cursor, f/p - red devil
Aim: a red devil, wielding a +0 trident (severely wounded)
You reach to attack!
You impale the red devil!!
You kill the red devil!
Okay, then.
Okay, then.
There is an open door here.
Casting: Regeneration (safe; 0% risk of failure)
Confirm with . or Enter, or press ? or * to list all spells.
Okay, then.
You are feeling very hungry.
You see here a +0 trident.
You start resting.
Magic restored.
You start resting.
Your skin is crawling a little less now.
You feel a terrible foreboding...
You feel dopey.
Your skin stops crawling.
You open the door.
A Brimstone Fiend comes into view.
The Brimstone Fiend roars!
The Brimstone Fiend calls on the powers of darkness!
Your body is wracked with pain!
Casting: Regeneration (safe; 0% risk of failure)
Confirm with . or Enter, or press ? or * to list all spells.
You draw out your weapon's spirit!
The Brimstone Fiend calls on the powers of darkness!
Your body is wracked with pain!
* * * LOW HITPOINT WARNING * * *
You are too injured to fight recklessly!
Attack whom?
Press: ? - help, Dir - move target cursor, f - Brimstone Fiend
Aim: a Brimstone Fiend You reach to attack!
You puncture the Brimstone Fiend!
The Brimstone Fiend convulses.
The Brimstone Fiend is lightly wounded.
The Brimstone Fiend gestures at you.
The sphere of damnation explodes!
The damnation engulfs you!!!
* * * LOW HITPOINT WARNING * * *
The damnation engulfs your spectral weapon!!!
Your spectral weapon shares its damage with you!
Your spectral weapon fades away.
* * * LOW HITPOINT WARNING * * *
Casting: Spectral Weapon (safe; 1% risk of failure)
Confirm with . or Enter, or press ? or * to list all spells.
The spell is very dangerous to cast (22% risk of failure)!
Continue anyway?
You stand defiantly in death's doorway!
You seem to hear sand running through an hourglass...
You are near starving!
The Brimstone Fiend gestures at you.
The sphere of damnation explodes!
The damnation engulfs you!!
Casting: Death's Door (very dangerous; 22% risk of failure)
Confirm with . or Enter, or press ? or * to list all spells.
You draw out your weapon's spirit!
You are too injured to fight recklessly!
You are too injured to fight recklessly!
You impale the Brimstone Fiend!!
The Brimstone Fiend convulses!!!
You tail-slap the Brimstone Fiend.
The Brimstone Fiend is almost dead.
Your spectral weapon hits the Brimstone Fiend.
The Brimstone Fiend convulses.
You impale the Brimstone Fiend!!
You kill the Brimstone Fiend!
There is an open door here.
You see here a +4 ring of dexterity.
Something is blocking the doorway!
Casting: Spectral Weapon (safe; 1% risk of failure)
Confirm with . or Enter, or press ? or * to list all spells.
Your skin crawls.
You start resting.
Your time is quickly running out!
You start resting.
Your life is in your own hands again!
Your spectral weapon fades away.
You start resting.
You step away from death's doorway.
You close the door.
You start resting. "Trespassers are not welcome here!"
You are blasted with magical energy!
You die...

, ≈ ≈ , , ,#§§≈§...# * ≈ ≈≈≈≈
≈ , ,* #≈≈≈≈.### * ≈≈ , ,,
,#≈≈≈≈.## §≈≈≈§≈≈≈≈≈≈≈≈.. ,,
#≈≈≈...# ≈§§≈§≈≈≈§≈§≈...
#≈≈≈.### §§§§§§≈§§≈≈..######
#≈§..##
§§≈§§≈≈≈≈≈...#....#,#≈§§§.##
§§§§≈≈≈§.....#.##+#,#≈≈≈...#
§§§§≈≈.......#.#@.#,#≈≈§≈))#
§§≈§.........#.####.#≈≈§§≈)##
§............').....#≈≈≈≈§)∩#
#####################§≈§≈≈.##
########


There were no monsters in sight!

Vanquished Creatures
  the Royal Jelly (Slime:5)
  An ancient lich (Crypt:3)
  Mara (Vaults:2)
  2 curse toes
  A Killer Klown (Zot:4)
  Geryon (Hell)
  12 golden dragons
  7 bone dragons
  A profane servitor (Temple)
  32 Brimstone Fiends
  A Hell Sentinel (Geh:2)
  2 electric golems (Zot:2)
  21 tentacled monstrosities
  An Ice Fiend (Geh:2)
  2 deep elf blademasters (Elf:3)
  4 titans
  20 acid blobs
  4 quicksilver dragons
  9 liches
  7 death cobs
  2 deep elf master archers (Elf:3)
  A tentacled starspawn (Abyss:4)
  3 draconian monks
  4 storm dragons
  An ancient champion (Crypt:2)
  6 shadow dragons
  4 tengu reavers
  A sphinx (Depths:3)
  13 fire giants
  A draconian knight (Zot:2)
  8 azure jellies
  A nagaraja (Snake:3)
  7 deep elf sorcerers
  9 frost giants
  2 orc warlords
  9 vault wardens
  2 deep elf elementalists (Elf:3)
  A curse skull (Crypt:2)
  15 balrugs
  2 draconian shifters
  5 draconian scorchers
  9 very ugly things
  6 ghouls
  7 war gargoyles
  2 draconian stormcallers
  7 ironheart preservers
  A ghost moth (Zot:4)
  4 draconian annihilators
  16 reapers
  A spriggan defender (Depths:3)
  11 stone giants
  A caustic shrike skeleton (Crypt:2)
  3 green draconians
  4 deep elf demonologists
  4 lorocyprocas
  A deep elf annihilator (Vaults:5)
  5 vampire knights
  5 yellow draconians
  6 black draconians (Zot:2)
  5 spark wasps
  2 white draconians (Zot:2)
  4 red draconians
  8 purple draconians
  A merfolk javelineer (Depths:2)
  2 quicksilver dragon zombies
  6 deep elf death magi
  4 death oozes
  2 blizzard demons (Hell)
  2 crystal guardians (Crypt:3)
  4 eidola
  8 ettins
  3 jiangshi
  7 fire dragons
  A green death (Hell)
  Harold (Lair:2)
  Erolcha (Orc:2)
  12 yaktaur captains
  16 ice dragons
  2 deep elf high priests
  6 rakshasas
  2 hydras
  A quicksilver dragon skeleton (Geh:3)
  13 great orbs of eyes
  4 spriggan air magi
  Erica (Lair:1)
  7 naga warriors
  24 vault guards
  5 anacondas
  12 ogre magi
  6 centaur warriors
  44 two-headed ogres
  A small abomination (Elf:3)
  3 alligators
  A death knight (Crypt:1)
  5 tengu warriors
  A death yak (Lair:2)
  17 dancing weapons
  8 deep troll shamans
  5 deep troll earth magi
  2 naga sharpshooters (Snake:4)
  5 vampire magi
  6 titan zombies
  7 spriggan berserkers
  54 hell hogs
  2 thrashing horrors (Abyss:4)
  5 shock serpents
  14 deep elf knights
  15 sun demons
  3 wretched stars (Abyss:4)
  5 spriggans
  2 soul eaters
  3 titan skeletons
  2 iron golems (Depths:1)
  3 storm dragon zombies
  101 hell knights
  4 salamander mystics
  A fire crab (shapeshifter) (Vaults:2)
  An iron troll (Depths:5)
  20 deep trolls
  32 skeletal warriors
  8 storm dragon skeletons
  5 golden dragon zombies
  An entropy weaver zombie (Crypt:1)
  3 anaconda zombies
  A ghost moth zombie (Geh:2)
  5 unseen horrors
  15 ironbrand convokers
  A sea snake (Snake:1)
  2 naga ritualists
  6 shadow dragon zombies
  A swamp dragon (Swamp:4)
  11 flayed ghosts
  4 glowing orange brains
  3 golden dragon skeletons
  10 phantasmal warriors
  13 deep elf archers
  7 wizards
  An anaconda skeleton (Geh:2)
  A wolf spider zombie (D:15)
  2 iron dragon zombies
  14 orc knights
  30 necromancers
  44 deep elf magi
  A wolf spider (Vaults:4)
  3 mana vipers
  7 salamanders
  8 fire giant zombies
  9 cyclopes
  16 moths of wrath
  3 orc sorcerers
  6 frost giant zombies
  35 ugly things
  A manticore (D:10)
  3 shining eyes
  3 oklob plants
  A manticore (shapeshifter) (D:15)
  2 worldbinders (Abyss:4)
  A cyclops (shapeshifter) (Depths:5)
  3 shadow dragon skeletons
  A glowing shapeshifter (Vaults:5)
  3 fire giant skeletons
  11 rust devils
  3 dire elephant zombies
  5 large abominations
  4 iron dragon skeletons
  An elephant (shapeshifter) (Abyss:4)
  4 elephants
  A guardian serpent (shapeshifter) (Vaults:4)
  8 stone giant skeletons
  A water nymph (shapeshifter) (Vaults:5)
  19 black mambas
  11 frost giant skeletons
  7 stone giant zombies
  A torpor snail (Lair:6)
  2 shock serpent zombies
  10 naga magi
  2 eyes of devastation (Slime:5)
  A spiny frog (shapeshifter) (Vaults:5)
  A gargoyle (D:14)
  3 shock serpent skeletons
  13 spiny frogs
  11 smoke demons
  11 vault sentinels
  14 molten gargoyles
  7 efreet
  3 rime drakes
  An emperor scorpion zombie (Geh:7)
  27 hellions
  A kobold demonologist (Depths:2)
  26 yaktaurs
  6 komodo dragons
  3 catoblepas zombies
  4 freezing wraiths
  A dire elephant skeleton (Geh:2)
  2 komodo dragons (shapeshifter)
  4 tengu conjurers
  An anaconda simulacrum (Hell)
  A catoblepas skeleton (Geh:3)
  2 demonic crawlers
  40 red devils
  3 hydra zombies
  2 ice devils
  11 tormentors
  2 elf skeletons
  2 hellwings (Depths:5)
  3 polar bears
  A merfolk (D:10)
  3 tyrant leeches
  3 harpy zombies
  A queen bee (Abyss:4)
  A wolf spider simulacrum (Vaults:1)
  6 meliai
  A yaktaur skeleton (Vaults:3)
  A wind drake (Lair:6)
  13 hornets
  3 fire dragon zombies
  6 hydra skeletons
  4 alligator zombies
  A stone giant simulacrum (Vaults:5)
  4 bog bodies
  8 trolls
  24 blink frogs
  A harpy skeleton (Geh:2)
  3 ice dragon zombies
  71 slime creatures
  4 ettin zombies
  4 dream sheep (Lair:6)
  A fire giant simulacrum (Vaults:2)
  A deep troll zombie (D:15)
  2 hippogriffs (shapeshifter)
  A meliai zombie (D:15)
  A dream sheep (shapeshifter) (D:13)
  12 hippogriffs
  88 flying skulls
  A centaur simulacrum (D:14)
  2 ice dragon skeletons
  3 ettin skeletons
  A starcursed mass (Abyss:4)
  4 vampires
  9 water elementals
  23 shadows
  6 wyverns
  3 fire dragon skeletons
  8 fire bats
  A hog (shapeshifter) (Depths:2)
  A hog (D:10)
  3 alligator skeletons
  22 wraiths
  18 yaks
  2 black mamba skeletons
  A fire bat (shapeshifter) (Depths:1)
  A golden eye (shapeshifter) (Depths:4)
  A basilisk (D:14)
  A chaos spawn (Abyss:4)
  A steam dragon (Lair:3)
  A hungry ghost (D:7)
  48 fire elementals
  6 vampire mosquitoes
  An emperor scorpion simulacrum (Hell)
  An insubstantial wisp (Swamp:2)
  6 swamp worms
  4 wargs
  21 nagas
  An acid dragon (Vaults:1)
  An acid dragon (shapeshifter) (Vaults:1)
  42 hell hounds
  3 spiny frog zombies
  A floating eye (shapeshifter) (Vaults:5)
  2 hydra simulacra (Hell)
  11 porcupines
  8 water moccasins
  2 deep troll skeletons (Vaults:3)
  5 human skeletons
  6 ice beasts
  6 swamp drakes
  A hornet zombie (D:13)
  An ettin simulacrum (Vaults:1)
  28 orc warriors
  5 phantoms
  A snapping turtle zombie (Crypt:3)
  8 black bears (D:10)
  5 sky beasts
  A manticore zombie (Geh:5)
  4 eyes of draining
  37 ogres
  16 necrophages
  A swamp dragon zombie (Geh:7)
  5 boggarts
  8 wolves
  7 centaurs
  A manticore skeleton (Geh:7)
  10 crocodiles
  A lindwurm skeleton (Crypt:1)
  A snapping turtle skeleton (Geh:5)
  2 big kobolds (D:10)
  An elf zombie (Geh:7)
  2 earth elementals
  Blork the orc (D:5)
  A gnoll sergeant (D:10)
  19 bullfrogs
  A rime drake skeleton (Crypt:1)
  A spiny frog simulacrum (Hell)
  A glowing shapeshifter simulacrum (Vaults:1)
  A wyvern zombie (D:14)
  3 scorpions
  A wyvern skeleton (Crypt:1)
  A scorpion (shapeshifter) (Vaults:5)
  8 killer bees (Abyss:4)
  An orc simulacrum (Vaults:1)
  70 wights
  16 electric eels
  A howler monkey (D:8)
  11 crimson imps
  A bullfrog zombie (D:8)
  3 centaur zombies
  3 human zombies
  4 hounds
  2 quasits
  5 bullfrog skeletons
  14 orc priests
  5 gnoll shamans
  2 jellies
  12 orc wizards
  2 centaur skeletons
  3 iguanas
  Natasha (thrice) (D:4)
  9 worker ants
  2 porcupine skeletons
  A tengu zombie (Crypt:2)
  A tengu skeleton (Geh:2)
  2 hound zombies
  A hound skeleton (D:8)
  Robin (D:3)
  6 gnolls
  A worker ant zombie (D:5)
  25 adders
  A shadow imp (D:5)
  2 white imps
  2 adder skeletons
  2 adder zombies
  An iguana skeleton (Crypt:2)
  5 worms
  4 dart slugs
  8 leopard geckos
  86 orcs
  9 bats
  5 giant cockroaches
  6 hobgoblins
  13 jackals
  13 kobolds
  A quokka (D:3)
  4 ball pythons
  A dart slug zombie (Crypt:1)
  7 frilled lizards
  18 goblins
  A goblin zombie (Crypt:2)
  A jackal skeleton (D:6)
  A kobold zombie (Geh:7)
  A quokka zombie (Crypt:1)
  6 rats
  2 briar patches (Swamp:2)
  A butterfly (Lair:6)
  4 crawling corpses
  4 fire vortices
  A plant (D:10)
2612 creatures vanquished.

Vanquished Creatures (collateral kills)
  A juggernaut (Depths:3)
  Mennas (Vaults:5)
  3 greater mummies (Depths:4)
  Bai Suzhen (Snake:3)
  3 caustic shrikes (Depths:5)
  3 golden dragons
  A profane servitor (Vaults:4)
  A bone dragon (Abyss:4)
  3 liches
  Jorgrun (Elf:1)
  4 tentacled monstrosities
  A deep elf blademaster (Elf:2)
  2 titans
  3 death cobs (Zot:1)
  4 acid blobs
  An eldritch tentacle (Depths:5)
  A thorn hunter (Swamp:2)
  A tengu reaver (Vaults:5)
  5 shadow dragons
  A storm dragon (Zot:2)
  A draconian monk (Zot:1)
  5 nagarajas
  2 azure jellies
  Donald (Orc:2)
  2 orc warlords
  4 frost giants
  2 draconian scorchers (Zot:1)
  6 vault wardens
  A draconian shifter (Zot:1)
  3 deep elf elementalists (Elf:3)
  3 ghouls
  A cacodemon (Depths:3)
  Louise (Snake:1)
  2 curse skulls
  A draconian stormcaller (Zot:1)
  A caustic shrike zombie (Crypt:1)
  6 very ugly things
  A reaper (Hell)
  4 stone giants
  3 war gargoyles
  5 ironheart preservers
  A spectral orc (Vaults:4)
  4 vampire knights
  A deep elf demonologist (Elf:3)
  A dire elephant (Lair:6)
  2 purple draconians (Zot:1)
  A white draconian (Zot:3)
  2 ettins
  7 jiangshi
  2 yaktaur captains
  3 deep elf death magi
  2 death oozes (Slime:5)
  3 fire dragons
  2 mummy priests (Depths:4)
  2 great orbs of eyes (Slime:5)
  2 deep elf high priests
  A rakshasa (Vaults:1)
  2 crystal guardians
  12 hydras
  A catoblepas (D:14)
  5 shambling mangroves
  11 naga warriors
  A spriggan air mage (Depths:2)
  3 ice dragons
  3 ghost crabs
  Fannar (D:12)
  5 vault guards
  A merfolk avatar (Lair:6)
  6 anacondas
  3 centaur warriors
  26 two-headed ogres
  21 dancing weapons
  7 alligators
  A death knight (Crypt:1)
  A tengu warrior (Depths:1)
  9 ogre magi
  3 deep troll earth magi (Depths:1)
  5 death yaks (Lair:2)
  5 vampire magi
  A thrashing horror (Abyss:4)
  4 orc high priests
  A shock serpent (Snake:1)
  2 soul eaters
  6 naga sharpshooters
  2 sun demons (Hell)
  10 deep elf knights
  2 spriggan berserkers
  10 hell knights
  A salamander mystic (Snake:4)
  6 skeletal warriors
  2 iron trolls
  A golden dragon zombie (Crypt:3)
  A glowing orange brain (Depths:1)
  An infernal demonspawn (Depths:3)
  A sea snake (Snake:1)
  2 spriggan druids
  7 deep trolls
  A naga ritualist (Snake:4)
  3 flayed ghosts
  4 wizards
  5 necromancers
  5 phantasmal warriors
  6 ironbrand convokers
  3 mana vipers
  7 swamp dragons
  11 orc knights
  A wolf spider zombie (D:13)
  A gelid demonspawn (Depths:3)
  2 orc sorcerers
  8 deep elf archers
  32 deep elf magi
  An oklob plant (Lair:1)
  4 wolf spiders
  2 shining eyes
  2 cyclopes
  10 ugly things
  A worldbinder (Abyss:4)
  3 moths of wrath
  8 black mambas
  A human skeleton (Vaults:1)
  5 guardian serpents
  7 salamanders
  11 elephants
  2 rust devils (Hell)
  A centaur zombie (D:13)
  2 stone giant skeletons
  6 naga magi
  An iron dragon skeleton (Crypt:3)
  An eye of devastation (Slime:2)
  4 smoke demons
  11 spiny frogs
  6 vault sentinels
  2 centaur skeletons
  A human zombie (Vaults:1)
  3 rime drakes (Swamp:4)
  An anaconda simulacrum (Abyss:4)
  3 komodo dragons
  18 yaktaurs
  An efreet (D:15)
  5 freezing wraiths
  A catoblepas skeleton (Crypt:2)
  A tengu conjurer (D:15)
  An ice devil (Hell)
  2 meliai
  A wind drake (Lair:6)
  A red devil (Hell)
  7 polar bears
  28 slime creatures
  13 hornets
  10 trolls
  15 blink frogs
  2 bog bodies
  6 dream sheep (Lair:6)
  3 hippogriffs
  8 tyrant leeches
  A meliai zombie (D:15)
  6 flying skulls (Crypt:3)
  An air elemental (Elf:1)
  A water elemental (Elf:1)
  A black mamba skeleton (Crypt:1)
  A shadow (Crypt:1)
  11 yaks
  An ettin skeleton (Vaults:5)
  A wraith (D:11)
  A ynoxinul (Depths:3)
  4 spriggans
  2 wyverns
  3 fire elementals
  3 basilisks
  A hungry ghost (D:13)
  7 vampire mosquitoes
  32 nagas
  5 insubstantial wisps (Swamp:2)
  2 acid dragons
  6 swamp worms
  9 water moccasins
  A porcupine (Lair:4)
  A monstrous demonspawn skeleton (Crypt:1)
  8 swamp drakes
  32 orc warriors
  An ice beast (D:11)
  A dream sheep zombie (Lair:6)
  3 necrophages
  25 ogres
  An orc zombie (Vaults:1)
  An eye of draining (Slime:2)
  A phantom (D:12)
  A black bear (D:10)
  A blink frog zombie (Lair:3)
  3 boggarts (Vaults:2)
  8 wolves
  6 centaurs
  3 crocodiles
  A big kobold (shapeshifter) (Depths:3)
  A rime drake skeleton (Crypt:2)
  5 bullfrogs
  2 earth elementals
  A killer bee (shapeshifter) (Vaults:5)
  4 wights (D:12)
  A killer bee (Abyss:4)
  A troll zombie (D:14)
  An electric eel (Lair:2)
  2 jellies (Lair:5)
  3 orc wizards
  23 orc priests
  A bullfrog skeleton (D:12)
  A basilisk zombie (Crypt:1)
  A worker ant (D:13)
  A small abomination (Abyss:4)
  3 adders
  A white imp (D:11)
  40 orcs
  A bat (D:2)
  A goblin (D:11)
  5 ball pythons
  5 briar patches (Swamp:2)
  2 bushes (Lair:5)
  4 fungi
  5 plants
  2 withered plants (D:15)
949 creatures vanquished.

Vanquished Creatures (others)
  2 profane servitors
  2 bone dragons
  6 eldritch tentacles
  A vault warden (Vaults:5)
  7 ghouls
  10 vampire knights
  A war gargoyle (Vaults:5)
  Nessos (Lair:5)
  An ettin (Vaults:5)
  4 yaktaur captains
  2 centaur warriors (Depths:2)
  A tengu warrior (Depths:1)
  A titan zombie (Vaults:5)
  2 deep elf knights
  A naga sharpshooter (Snake:3)
  A hell knight (Hell)
  9 skeletal warriors
  10 flayed ghosts
  10 phantasmal warriors
  2 necromancers
  2 ugly thing zombies (D:14)
  A deep elf archer (Vaults:4)
  3 cyclopes
  A deep elf mage (Elf:1)
  An ugly thing (Vaults:2)
  2 fire giant zombies (Vaults:5)
  A frost giant zombie (Vaults:5)
  4 elephants (Lair:5)
  A black mamba (Lair:3)
  A spiny frog (Lair:5)
  9 yaktaurs
  A hydra zombie (Lair:5)
  A blink frog (Lair:3)
  A dream sheep (Lair:6)
  2 black mamba zombies
  A yak (D:14)
  A water elemental (Elf:2)
  16 flying skulls
  An elf zombie (Vaults:5)
  7 vampires
  5 wraiths
  2 two-headed ogre zombies
  5 spiny frog zombies
  3 hell hounds
  A swamp drake (Swamp:4)
  A swamp dragon zombie (Geh:2)
  8 blink frog zombies
  A sky beast (D:2)
  2 dream sheep zombies (Lair:6)
  3 human zombies (Vaults:5)
  A centaur (D:10)
  3 elephant zombies
  A blink frog skeleton (Swamp:2)
  A crocodile (Lair:6)
  A yaktaur zombie (Vaults:5)
  2 komodo dragon zombies (Lair:6)
  A wyvern zombie (Lair:6)
  2 water moccasin zombies
  A komodo dragon skeleton (Lair:6)
  2 polar bear zombies (Lair:6)
  2 yak zombies
  A yak skeleton (Lair:2)
  2 wights
  A wolf zombie (Lair:3)
  A polar bear skeleton (Lair:6)
  A jelly (D:15)
  4 bullfrog zombies
  A basilisk zombie (Lair:6)
  4 crocodile zombies
  A naga skeleton (Geh:5)
  3 swamp drake zombies (Swamp:2)
  An adder zombie (Lair:3)
  An orc (D:7)
  A ball python zombie (Lair:3)
  5 orc zombies (Vaults:5)
  2 briar patches (Swamp:2)
  A crawling corpse (Elf:3)
  A fire vortex (Geh:2)
  6 fungi
  16 plants
  9 spectral weapons
  2 starspawn tentacles (Abyss:4)
  2 withered plants (D:15)
245 creatures vanquished.

Grand Total: 3806 creatures vanquished

Notes
Turn   | Place    | Note
-------+----------+-------------------------------------------
     0 | D:1      | FessEmpty the Draconian Artificer began the quest for the
                  | Orb.
     0 | D:1      | Reached XP level 1. HP: 16/16 MP: 3/3
   296 | D:1      | Reached XP level 2. HP: 25/25 MP: 4/4
   921 | D:2      | Reached XP level 3. HP: 31/31 MP: 5/5
  1524 | D:2      | Noticed a sky beast
  1761 | D:2      | Reached XP level 4. HP: 41/41 MP: 6/6
  2535 | D:3      | Noticed Robin
  2773 | D:2      | Reached skill level 5 in Fighting
  2833 | D:3      | Found an ornate altar of the Wu Jian Council.
  3817 | D:3      | Killed Robin
  3817 | D:3      | Reached XP level 5. HP: 45/48 MP: 7/7
  3911 | D:4      | Noticed Natasha
  3916 | D:4      | Reached skill level 1 in Polearms
  3919 | D:4      | Killed Natasha
  4025 | D:4      | Found a radiant altar of Vehumet.
  4053 | D:4      | Reached skill level 2 in Polearms
  4064 | D:4      | Noticed Natasha
  4130 | D:4      | Killed Natasha
  4149 | D:4      | Noticed Natasha
  4157 | D:4      | Killed Natasha
  4175 | D:4      | Found Wecveg's Jewellery Boutique.
  4204 | D:4      | Reached skill level 3 in Polearms
  4204 | D:4      | Reached XP level 6. HP: 56/56 MP: 8/8
  4444 | D:4      | Reached skill level 4 in Polearms
  4609 | D:5      | Entered Level 5 of the Dungeon
  4676 | D:5      | Noticed a sky beast
  4686 | D:5      | Killed a sky beast
  4710 | D:5      | Reached skill level 5 in Polearms
  4736 | D:5      | Noticed Blork the orc
  4757 | D:5      | Killed Blork the orc
  4757 | D:5      | Your scales start taking on a dull iron-grey colour.
  4757 | D:5      | Reached XP level 7. HP: 57/61 MP: 9/9
  4757 | D:5      | Gained mutation: You can survive without breathing. [Grey
                  | Draconian growth]
  4773 | D:5      | Found a shadowy altar of Dithmenos.
  5081 | D:5      | Reached skill level 6 in Polearms
  5575 | D:6      | Reached skill level 7 in Polearms
  5727 | D:6      | Reached XP level 8. HP: 67/69 MP: 10/10
  5869 | D:6      | Reached skill level 8 in Polearms
  6058 | D:6      | Found a basalt altar of Yredelemnul.
  6075 | D:6      | Became a worshipper of Yredelemnul the Dark
  6168 | D:6      | Found a shimmering blue altar of Sif Muna.
  6198 | D:6      | Found a staircase to the Ecumenical Temple.
  6265 | D:7      | Found a shadowy altar of Dithmenos.
  6266 | D:7      | Found a bloodstained altar of Trog.
  6266 | D:7      | Found a burning altar of Makhleb.
  6266 | D:7      | Found a sparkling altar of Nemelex Xobeh.
  6295 | D:7      | Reached skill level 9 in Polearms
  6300 | D:7      | Learned a level 2 spell: Call Imp
  6396 | D:7      | Reached skill level 1 in Summonings
  7025 | D:7      | Found a glowing golden altar of the Shining One.
  7029 | D:7      | Found an ancient bone altar of Kikubaaqudgha.
  7035 | D:7      | Found a sacrificial altar of Ru.
  7422 | D:8      | Reached XP level 9. HP: 74/74 MP: 11/11
  7464 | D:8      | Reached * piety under Yredelemnul
  7490 | D:8      | Noticed a cyclops
  7831 | D:8      | Reached skill level 5 in Summonings
  7834 | D:8      | Got a pair of distressingly furry boots
  7840 | D:8      | Identified the cursed +0 pair of boots of Jomacuo {MR+
                  | Dex+2} (You found it on level 8 of the Dungeon)
  8040 | D:8      | Reached skill level 1 in Invocations
  8232 | D:8      | Found Lyoklef's Weapon Shoppe.
  8325 | D:8      | Killed a cyclops
  8325 | D:8      | Reached skill level 10 in Polearms
  8619 | D:8      | Found a hazy altar of Hepliaklqana.
  8644 | D:9      | Found a staircase to the Orcish Mines.
  8712 | D:9      | Noticed a two-headed ogre
  8725 | D:9      | Killed a two-headed ogre
  8725 | D:9      | Reached XP level 10. HP: 42/81 MP: 6/13
  8966 | D:8      | Reached ** piety under Yredelemnul
  9353 | D:10     | Entered Level 10 of the Dungeon
  9591 | D:10     | Noticed a two-headed ogre
  9607 | D:10     | Killed a two-headed ogre
  9677 | D:10     | Reached skill level 5 in Shields
  9918 | D:10     | Found a staircase to the Lair.
 10101 | D:10     | Noticed a two-headed ogre
 10101 | D:10     | Noticed a two-headed ogre
 10155 | D:10     | Killed a two-headed ogre
 10169 | D:10     | Killed a two-headed ogre
 10169 | D:10     | Reached XP level 11. HP: 88/88 MP: 14/14
 10281 | D:10     | Identified the cursed +0 robe "Maegyn" {rElec}
 10305 | D:10     | Reached *** piety under Yredelemnul
 10542 | D:10     | Found a bloodstained altar of Trog.
 10686 | D:10     | Noticed a two-headed ogre
 10692 | D:10     | Noticed a two-headed ogre
 10717 | D:10     | Killed a two-headed ogre
 10738 | D:10     | Killed a two-headed ogre
 10738 | D:10     | Reached skill level 10 in Shields
 11321 | D:10     | Found the +10 Black Knight's horse barding {ponderous,
                  | rPois rN+}
 11390 | D:10     | Received a gift from Yredelemnul (a wight)
 11732 | D:11     | Found Tefusk's Antique Weapon Shoppe.
 11806 | D:11     | Noticed a centaur warrior
 11827 | D:12     | Noticed Fannar
 12179 | D:12     | Received a gift from Yredelemnul (4 flying skulls)
 12267 | D:12     | Received a gift from Yredelemnul (a wraith)
 12358 | D:12     | Killed Fannar
 12518 | D:12     | Reached XP level 12. HP: 74/94 MP: 15/15
 12530 | D:12     | Learned a level 3 spell: Summon Guardian Golem
 12819 | D:13     | Found a portal to a secret trove of treasure.
 12913 | D:11     | Killed a centaur warrior
 12913 | D:11     | Reached skill level 1 in Hexes
 12913 | D:11     | Reached skill level 5 in Evocations
 13229 | D:4      | Bought the ring "Fuusk" {rPois rF++ rC+ rN+} for 557 gold
                  | pieces
 13463 | D:11     | Reached **** piety under Yredelemnul
 13496 | D:11     | Received a gift from Yredelemnul (2 flying skulls)
 13618 | D:11     | Noticed a two-headed ogre
 13629 | D:11     | Killed a two-headed ogre
 13894 | D:11     | Found a bloodstained altar of Trog.
 14230 | D:13     | Reached skill level 11 in Polearms
 14246 | D:13     | Received a gift from Yredelemnul (5 flying skulls)
 14625 | D:13     | Noticed a centaur warrior
 14632 | D:13     | Killed a centaur warrior
 14883 | D:14     | Noticed a two-headed ogre
 14895 | D:14     | Killed a two-headed ogre
 14929 | D:14     | Noticed a centaur warrior
 14939 | D:14     | Received a gift from Yredelemnul (a wraith)
 14940 | D:14     | Killed a centaur warrior
 15212 | D:14     | Noticed a tengu warrior
 15224 | D:14     | Noticed a two-headed ogre
 15236 | D:14     | Killed a two-headed ogre
 15255 | D:14     | Killed a tengu warrior
 15305 | D:14     | Reached XP level 13. HP: 94/101 MP: 12/17
 15430 | D:14     | Reached ***** piety under Yredelemnul
 15519 | D:14     | Found a gate to the Vaults.
 15611 | D:14     | Found Deavvig's Magic Scroll Boutique.
 15659 | D:15     | Entered Level 15 of the Dungeon
 15674 | D:14     | Reached skill level 10 in Summonings
 15739 | D:14     | Reached skill level 12 in Polearms
 16001 | D:15     | Reached skill level 5 in Invocations
 16198 | D:15     | Received a gift from Yredelemnul (2 flying skulls)
 16757 | D:15     | Found a shattered altar of Ashenzari.
 17255 | D:15     | Found a staircase to the Depths.
 17646 | Lair:1   | Entered Level 1 of the Lair of Beasts
 18732 | Lair:1   | Noticed Erica
 18761 | Lair:1   | Killed Erica
 19208 | Lair:2   | Received a gift from Yredelemnul (a wraith)
 19412 | Lair:2   | Reached XP level 14. HP: 69/110 MP: 19/19
 19741 | Lair:2   | Noticed Harold
 19764 | Lair:2   | Killed Harold
 19972 | Lair:2   | Found a staircase to the Swamp.
 20995 | Lair:3   | Found a staircase to the Snake Pit.
 21024 | Lair:3   | Received a gift from Yredelemnul (a skeletal warrior)
 21048 | Lair:3   | Reached skill level 13 in Polearms
 21193 | Lair:3   | Received a gift from Yredelemnul (a wraith)
 21277 | Lair:3   | Identified a scroll of acquirement
 21420 | Lair:3   | Received a gift from Yredelemnul (a wraith)
 21720 | Lair:4   | Received a gift from Yredelemnul (2 flying skulls)
 22372 | Lair:5   | Noticed Nessos
 22391 | Lair:5   | Killed Nessos
 22492 | Lair:5   | Found a staircase to the Slime Pits.
 23319 | Lair:6   | Entered Level 6 of the Lair of Beasts
 23480 | Lair:5   | Received a gift from Yredelemnul (a vampire)
 23931 | Lair:6   | Reached XP level 15. HP: 66/123 MP: 19/21
 24381 | Lair:6   | Received a gift from Yredelemnul (a flayed ghost)
 25138 | Lair:6   | Learned a level 3 spell: Regeneration
 25934 | D:15     | Reached skill level 1 in Necromancy
 26043 | D:15     | Reached skill level 15 in Shields
 26043 | D:15     | Reached skill level 1 in Charms
 26385 | D:15     | Received a gift from Yredelemnul (a vampire)
 26784 | D:15     | Found a shattered altar of Ashenzari.
 27232 | Swamp:1  | Entered Level 1 of the Swamp
 27770 | Swamp:1  | Received a gift from Yredelemnul (a ghoul)
 27996 | Swamp:1  | Received a gift from Yredelemnul (a vampire knight)
 28150 | Swamp:1  | Reached skill level 14 in Polearms
 28742 | Swamp:2  | Noticed a thorn hunter
 28767 | Swamp:2  | Killed a thorn hunter
 29136 | Swamp:2  | Received a gift from Yredelemnul (a bone dragon)
 29640 | Swamp:2  | Reached skill level 10 in Fighting
 30270 | Swamp:3  | Received a gift from Yredelemnul (a profane servitor)
 30720 | Swamp:3  | Received a gift from Yredelemnul (a phantasmal warrior)
 30995 | Swamp:4  | Entered Level 4 of the Swamp
 31046 | Swamp:4  | Reached skill level 1 in Spellcasting
 31109 | Swamp:4  | Received a gift from Yredelemnul (a profane servitor)
 31156 | Swamp:4  | Reached XP level 16. HP: 68/135 MP: 18/23
 31176 | Swamp:4  | Received a gift from Yredelemnul (a vampire knight)
 31458 | Swamp:4  | Got a decaying rune of Zot
 31865 | Lair:1   | Received a gift from Yredelemnul (a phantasmal warrior)
 32060 | Orc:1    | Entered Level 1 of the Orcish Mines
 32128 | Orc:1    | Received a gift from Yredelemnul (a skeletal warrior)
 32646 | Orc:1    | Found a roughly hewn altar of Beogh.
 32646 | Orc:1    | Reached ****** piety under Yredelemnul
 32826 | Orc:2    | Entered Level 2 of the Orcish Mines
 32844 | Orc:2    | Received a gift from Yredelemnul (a skeletal warrior)
 32877 | Orc:2    | Received a gift from Yredelemnul (a vampire)
 32882 | Orc:2    | Reached skill level 15 in Polearms
 32890 | Orc:2    | Found Oddyme's Antique Armour Shoppe.
 32896 | Orc:2    | Found Zodeef's Book Shoppe.
 32904 | Orc:2    | Found Guixauli's Antique Armour Boutique.
 32961 | Orc:2    | Noticed Donald
 32974 | Orc:2    | Killed Donald
 33005 | Orc:2    | Found Udimuege's Jewellery Emporium.
 33034 | Orc:2    | Found a burning altar of Makhleb.
 33054 | Orc:2    | Found a staircase to the Elven Halls.
 33190 | Orc:2    | Noticed Erolcha
 33200 | Orc:2    | Killed Erolcha
 33327 | Orc:2    | Bought an embroidered cloak for 247 gold pieces
 33344 | Orc:2    | Bought a Grand Grimoire for 1324 gold pieces
 33352 | Orc:2    | Learned a level 7 spell: Monstrous Menagerie
 33372 | Orc:1    | Received a gift from Yredelemnul (a phantasmal warrior)
 33511 | Elf:1    | Entered Level 1 of the Elven Halls
 33539 | Elf:1    | Received a gift from Yredelemnul (a skeletal warrior)
 33569 | Elf:1    | Reached skill level 5 in Spellcasting
 33593 | Elf:1    | Found Eqeoph's Book Shop.
 33662 | Elf:1    | Received a gift from Yredelemnul (a skeletal warrior)
 33734 | Elf:1    | Found Diykkoc's Assorted Antiques.
 33760 | Elf:1    | Received a gift from Yredelemnul (a phantasmal warrior)
 33985 | Elf:1    | Noticed Jorgrun
 33990 | Elf:1    | Killed Jorgrun
 34518 | Elf:1    | Received a gift from Yredelemnul (a ghoul)
 35382 | Elf:2    | Received a gift from Yredelemnul (a flayed ghost)
 35468 | Elf:2    | Found a runed translucent gate.
 35469 | Elf:2    | Found a runed translucent gate.
 35470 | Elf:2    | Found a runed translucent gate.
 35815 | Elf:2    | Noticed a deep elf blademaster
 35821 | Elf:2    | Killed a deep elf blademaster
 35821 | Elf:2    | Reached XP level 17. HP: 118/144 MP: 23/27
 35931 | Elf:2    | Received a gift from Yredelemnul (a vampire knight)
 36378 | D:13     | You paid a toll of 2 scrolls of acquirement to enter a
                  | treasure trove
 36379 | Trove    | Entered a treasure trove
 36391 | Trove    | Got an encrusted demon trident
 36398 | Trove    | Got a pitted demon trident
 36413 | Trove    | Got a polished dagger
 36433 | D:13     | Identified the +0 demon trident of Theory {venom, rN+} (You
                  | found it in a treasure trove)
 36434 | D:13     | Identified the +6 demon trident of Ezuxum {drain, rElec
                  | Str+3} (You found it in a treasure trove)
 36443 | D:13     | Identified the +9 dagger of the Doomed Warrior {flame, +Fly
                  | rC+} (You found it in a treasure trove)
 36461 | D:13     | Learned a level 1 spell: Apportation
 36605 | Snake:1  | Entered Level 1 of the Snake Pit
 36650 | Snake:1  | Received a gift from Yredelemnul (a vampire)
 36989 | Snake:1  | Reached skill level 15 in Summonings
 36995 | Snake:1  | Noticed Louise
 37003 | Snake:1  | Killed Louise
 38122 | Snake:3  | Received a gift from Yredelemnul (a phantasmal warrior)
 38139 | Snake:3  | Noticed Bai Suzhen
 38153 | Snake:3  | Killed Bai Suzhen
 38752 | Snake:4  | Entered Level 4 of the Snake Pit
 39109 | Snake:4  | Received a gift from Yredelemnul (a ghoul)
 39122 | Snake:4  | Found Ruammere's Gadget Boutique.
 39569 | Snake:4  | Received a gift from Yredelemnul (a vampire knight)
 39595 | Snake:4  | Reached XP level 18. HP: 89/151 MP: 21/31
 39639 | Snake:4  | Received a gift from Yredelemnul (a ghoul)
 39938 | Snake:4  | Got a serpentine rune of Zot
 40251 | Vaults:1 | Entered Level 1 of the Vaults
 40506 | Vaults:1 | Reached skill level 10 in Spellcasting
 40956 | Vaults:1 | Received a gift from Yredelemnul (a flayed ghost)
 40971 | Vaults:1 | Found Huocoih's Armour Boutique.
 41326 | Vaults:1 | Received a gift from Yredelemnul (a phantasmal warrior)
 41534 | Vaults:1 | Learned a level 8 spell: Summon Horrible Things
 41987 | Vaults:2 | Received a gift from Yredelemnul (a ghoul)
 42231 | Vaults:2 | Noticed Mara
 42243 | Vaults:2 | Killed Mara
 42505 | Vaults:2 | Received a gift from Yredelemnul (a ghoul)
 43324 | Vaults:3 | Reached XP level 19. HP: 153/158 MP: 34/34
 43344 | Vaults:3 | Found a flickering gateway to a bazaar.
 43367 | Bazaar   | Entered a bazaar
 43367 | Bazaar   | Found Ugu Witi's Gadget Boutique.
 43367 | Bazaar   | Found Wex Eluf's Antique Weapon Shop.
 43367 | Bazaar   | Found Feskeqel's Antique Armour Shop.
 43367 | Bazaar   | Found Naucuurarch's Food Boutique.
 43655 | Vaults:3 | Reached skill level 16 in Polearms
 43665 | Vaults:3 | Received a gift from Yredelemnul (a vampire knight)
 44531 | Vaults:3 | Found a staircase to the Crypt.
 45150 | Vaults:4 | Found Riv Xim's General Store.
 45567 | Vaults:4 | Received a gift from Yredelemnul (a flayed ghost)
 46011 | Vaults:4 | Received a gift from Yredelemnul (a vampire)
 46040 | Vaults:4 | Reached XP level 20. HP: 135/174 MP: 7/35
 46227 | Vaults:4 | Got a brightly glowing spear
 46228 | Vaults:4 | Identified the +8 spear of Equivalence {elec, rF+ rC+} (You
                  | found it on level 4 of the Vaults)
 46522 | Vaults:4 | Received a gift from Yredelemnul (a phantasmal warrior)
 46957 | Depths:1 | Entered Level 1 of the Depths
 47576 | Depths:1 | Reached skill level 5 in Dodging
 47623 | Depths:1 | Cast into level 4 of the Abyss (miscasting Summon Horrible
                  | Things)
 47646 | Abyss:4  | Received a gift from Yredelemnul (a ghoul)
 47813 | Abyss:4  | Noticed a bone dragon
 47833 | Abyss:4  | Killed a bone dragon
 47908 | Abyss:4  | Got an abyssal rune of Zot
 47909 | Abyss:4  | Received a gift from Yredelemnul (a bone dragon)
 48005 | Depths:1 | Escaped the Abyss
 48370 | Depths:1 | Found a gateway to Hell.
 48434 | Depths:1 | Found a one-way gate to the infinite horrors of the Abyss.
 48841 | Depths:1 | Found a runed translucent door.
 48897 | Depths:1 | Identified the cursed +2 hand crossbow "Omnihi" {elec,
                  | rPois Dex+4} (You found it on level 1 of the Depths)
 49767 | Depths:2 | Reached XP level 21. HP: 174/183 MP: 22/37
 50128 | Depths:2 | Identified the +10 mace of Marpheshi {freeze, Dex+5}
 50183 | Depths:2 | Received a gift from Yredelemnul (a vampire)
 50584 | Depths:2 | Reached skill level 17 in Polearms
 51704 | Depths:2 | Received a gift from Yredelemnul (a vampire knight)
 51933 | Depths:3 | Received a gift from Yredelemnul (a skeletal warrior)
 51964 | Depths:3 | Found a one-way gate leading to the halls of Pandemonium.
 52812 | Depths:3 | Found a gateway to a ziggurat.
 52814 | Depths:3 | Found Dakooph's Jewellery Emporium.
 52933 | Depths:3 | Received a gift from Yredelemnul (a skeletal warrior)
 53069 | Depths:3 | Found a runed translucent door.
 53099 | Depths:3 | Identified the +9 quarterstaff of the Mosquito {crush,
                  | Dex+6 SInv}
 53179 | Depths:3 | Received a gift from Yredelemnul (a vampire knight)
 53270 | Depths:3 | Reached skill level 10 in Dodging
 53433 | Depths:3 | Found a runed translucent door.
 53758 | Depths:3 | Noticed a juggernaut
 53810 | Depths:3 | Killed a juggernaut
 53842 | Depths:3 | Reached skill level 18 in Polearms
 54173 | Depths:3 | Received a gift from Yredelemnul (a vampire)
 54460 | Depths:3 | Reached XP level 22. HP: 103/191 MP: 37/40
 54699 | Depths:3 | Found a runed translucent door.
 54699 | Depths:3 | Noticed a caustic shrike
 54699 | Depths:3 | Noticed Loemalae's ghost (adept FoFi)
 55360 | Depths:4 | Received a gift from Yredelemnul (a ghoul)
 55648 | Depths:4 | Noticed Xtahua
 55657 | Depths:4 | Killed Xtahua
 55657 | Depths:4 | Enslaved Xtahua
 56256 | Depths:4 | Noticed a greater mummy
 56274 | Depths:4 | Killed a greater mummy
 56280 | Depths:4 | Noticed a greater mummy
 56349 | Depths:4 | Killed a greater mummy
 56356 | Depths:4 | Noticed a greater mummy
 56366 | Depths:4 | Killed a greater mummy
 56471 | Depths:4 | Found the +7 sceptre of Torment {pain, torment}
 57069 | Crypt:1  | Entered Level 1 of the Crypt
 57156 | Crypt:1  | Received a gift from Yredelemnul (a bone dragon)
 57167 | Crypt:1  | Learned a level 1 spell: Summon Butterflies
 57485 | Crypt:1  | Noticed Saint Roka
 57506 | Crypt:1  | Killed Saint Roka
 57506 | Crypt:1  | Enslaved Saint Roka
 57635 | Crypt:1  | Reached skill level 19 in Polearms
 58009 | Crypt:2  | Received a gift from Yredelemnul (a skeletal warrior)
 59249 | Crypt:3  | Entered Level 3 of the Crypt
 59267 | Crypt:3  | Received a gift from Yredelemnul (a vampire knight)
 59364 | Crypt:3  | Received a gift from Yredelemnul (a phantasmal warrior)
 59549 | Crypt:3  | Received a gift from Yredelemnul (a skeletal warrior)
 59597 | Crypt:3  | Reached skill level 20 in Polearms
 60022 | Crypt:3  | Found an ancient bone altar of Kikubaaqudgha.
 60022 | Crypt:3  | Noticed an ancient lich
 60044 | Crypt:3  | Killed an ancient lich
 60173 | Crypt:3  | Reached XP level 23. HP: 198/198 MP: 41/41
 60383 | Crypt:3  | Reached skill level 21 in Polearms
 60386 | Crypt:3  | Reached XP level 24. HP: 151/205 MP: 39/41
 60727 | Crypt:3  | Found a staircase to the Tomb.
 60988 | Vaults:5 | Entered Level 5 of the Vaults
 60996 | Vaults:5 | Received a gift from Yredelemnul (a vampire)
 61012 | Vaults:4 | HP: 10/205 [Saint Roka the spectral orc/divine providence
                  | (13)]
 61729 | Vaults:5 | Noticed Mennas
 61879 | Vaults:5 | Received a gift from Yredelemnul (a flayed ghost)
 61893 | Vaults:5 | Reached skill level 22 in Polearms
 61896 | Vaults:5 | Paralysed by a floating eye for 2 turns
 62627 | Vaults:5 | Received a gift from Yredelemnul (a profane servitor)
 62745 | Vaults:5 | Killed Mennas
 63019 | Vaults:5 | Reached skill level 23 in Polearms
 63107 | Vaults:5 | Received a gift from Yredelemnul (a flayed ghost)
 63297 | Vaults:5 | Received a gift from Yredelemnul (a phantasmal warrior)
 64221 | Vaults:5 | Got a silver rune of Zot
 64722 | Elf:1    | Received a gift from Yredelemnul (a ghoul)
 64785 | Elf:2    | Learned a level 8 spell: Lehudib's Crystal Spear
 64981 | Elf:2    | Received a gift from Yredelemnul (a flayed ghost)
 64998 | Elf:2    | Reached skill level 1 in Earth Magic
 64998 | Elf:2    | Reached XP level 25. HP: 212/212 MP: 41/41
 65003 | Elf:2    | Reached skill level 1 in Conjurations
 65274 | Elf:3    | Entered Level 3 of the Elven Halls
 65315 | Elf:3    | Received a gift from Yredelemnul (a vampire knight)
 65327 | Elf:3    | Found Hoazud's Distillery.
 65392 | Elf:3    | Received a gift from Yredelemnul (a flayed ghost)
 65478 | Elf:3    | Found Cirghaxi's Gadget Shoppe.
 65500 | Elf:3    | Identified the +3 spear of Veul {venom, *Drain rN+++ Str+2
                  | Dex+6} (You found it on level 3 of the Elven Halls)
 65548 | Elf:3    | Found Uluneip's Weapon Emporium.
 65643 | Elf:3    | Found Vetiosib's General Store.
 65748 | Elf:3    | Received a gift from Yredelemnul (a phantasmal warrior)
 65793 | Elf:3    | Identified the ring of Unaaxt {Fire rElec rPois Int+7
                  | Stlth-}
 65800 | Elf:3    | Identified the +8 mace of Cakkutef {distort, rN+ Str+5
                  | Int+4}
 65961 | Elf:3    | Reached skill level 5 in Earth Magic
 66076 | Elf:3    | Reached skill level 24 in Polearms
 66170 | Elf:3    | Reached skill level 5 in Conjurations
 66221 | Elf:3    | Identified the Guide on Combat Magic and Changing
 66334 | Elf:3    | Identified the Reference Book on Flight and Intoxication
 66451 | Elf:3    | Found Oseq's Magic Scroll Shop.
 66462 | Elf:3    | Bought a scroll of enchant weapon for 135 gold pieces
 66462 | Elf:3    | Bought a scroll of teleportation for 54 gold pieces
 66756 | Elf:3    | Learned a level 5 spell: Lee's Rapid Deconstruction
 66759 | Elf:3    | Learned a level 2 spell: Passwall
 66764 | Elf:3    | Learned a level 4 spell: Passage of Golubria
 66772 | Elf:3    | Learned a level 7 spell: Malign Gateway
 66778 | Elf:3    | Learned a level 5 spell: Dispel Undead
 67108 | Slime:1  | Entered Level 1 of the Pits of Slime
 67149 | Lair:5   | Reached skill level 1 in Translocations
 67263 | Slime:1  | Reached skill level 5 in Necromancy
 67499 | Slime:3  | Received a gift from Yredelemnul (a ghoul)
 67563 | Slime:4  | Received a gift from Yredelemnul (a flayed ghost)
 67680 | Slime:5  | Entered Level 5 of the Pits of Slime
 67744 | Slime:5  | Gained mutation: Your spells are a little easier to cast,
                  | but a little less powerful. [a shining eye]
 67745 | Slime:5  | Gained mutation: You do not regenerate when monsters are
                  | visible. [a shining eye]
 68060 | Slime:5  | Noticed the Royal Jelly
 68106 | Slime:5  | Reached skill level 5 in Translocations
 68112 | Slime:5  | Killed the Royal Jelly
 68262 | Slime:5  | Received a gift from Yredelemnul (a skeletal warrior)
 68325 | Slime:5  | Received a gift from Yredelemnul (a flayed ghost)
 68489 | Slime:5  | Got a slimy rune of Zot
 68543 | Slime:5  | Identified the cursed +0 pair of boots of Focus {rElec rC++
                  | Str+6} (You found it on level 5 of the Pits of Slime)
 68560 | Slime:5  | Identified Sif Muna's Compendium of Bewitchment
 68592 | Slime:5  | Identified the Catalogue of Earthen Darkness
 68876 | Slime:5  | Learned a level 8 spell: Death's Door
 70075 | Slime:1  | Received a gift from Yredelemnul (a profane servitor)
 70302 | Slime:2  | Gained mutation: Scrolls take you a little longer to read.
                  | [a shining eye]
 70959 | D:14     | Bought a scroll of enchant weapon for 135 gold pieces
 70959 | D:14     | Bought a scroll of teleportation for 54 gold pieces
 70959 | D:14     | Bought a scroll of teleportation for 54 gold pieces
 70959 | D:14     | Bought a scroll of teleportation for 54 gold pieces
 71700 | Temple   | Entered the Ecumenical Temple
 71756 | Temple   | Fell from the grace of Yredelemnul
 71756 | Temple   | Became a worshipper of Ashenzari the Shackled
 72008 | Swamp:3  | Identified the +5 great mace of Strategic Superiority
                  | {protect, Int+6} (You found it on level 3 of the Swamp)
 72240 | Slime:5  | Identified the +5 double sword "Pyhoapt" {chaos, Str+3
                  | Int+4 Dex-4} (You found it on level 5 of the Pits of Slime)
 72596 | Hell     | Entered the Vestibule of Hell
 72596 | Hell     | Noticed Geryon
 72617 | Hell     | Killed Geryon
 73136 | Depths:1 | Learned a level 6 spell: Iron Shot
 73541 | Hell     | Found a gateway to the freezing wastes of Cocytus.
 73687 | Depths:1 | Reached XP level 26. HP: 177/220 MP: 41/41
 73986 | Hell     | Found a gateway to the Iron City of Dis.
 74096 | Hell     | Reached skill level 5 in Charms
 74106 | Hell     | Found a gateway to the ashen valley of Gehenna.
 74213 | Hell     | Found a gateway to the decaying netherworld of Tartarus.
 74304 | Hell     | Lost mutation: Scrolls take you a little longer to read.
                  | [potion of mutation]
 74304 | Hell     | Lost mutation: Your spells are a little easier to cast, but
                  | a little less powerful. [potion of mutation]
 74304 | Hell     | Gained mutation: You have a pair of small horns on your
                  | head. [potion of mutation]
 74304 | Hell     | Gained mutation: Scrolls take you a little longer to read.
                  | [potion of mutation]
 74304 | Hell     | Gained mutation: You are resistant to hostile enchantments.
                  | (MR+) [potion of mutation]
 74305 | Hell     | Lost mutation: You are resistant to hostile enchantments.
                  | (MR+) [potion of mutation]
 74305 | Hell     | Lost mutation: You have a pair of small horns on your head.
                  | [potion of mutation]
 74305 | Hell     | Lost mutation: You do not regenerate when monsters are
                  | visible. [potion of mutation]
 74305 | Hell     | Lost mutation: Scrolls take you a little longer to read.
                  | [potion of mutation]
 74305 | Hell     | Gained mutation: You are weak. (Str -2) [potion of
                  | mutation]
 74305 | Hell     | Gained mutation: You have a pair of small horns on your
                  | head. [potion of mutation]
 74421 | Geh:1    | Entered Level 1 of Gehenna
 74977 | Geh:1    | Reached skill level 10 in Earth Magic
 75786 | Depths:5 | Entered Level 5 of the Depths
 75828 | Depths:5 | Reached * piety under Ashenzari
 76809 | Depths:5 | Found a gate to the Realm of Zot.
 77116 | Depths:5 | Reached skill level 10 in Conjurations
 77202 | Zot:1    | Entered Level 1 of the Realm of Zot
 77371 | Zot:1    | Reached ** piety under Ashenzari
 77708 | Zot:1    | Reached skill level 10 in Necromancy
 77944 | Zot:1    | Identified the amulet of Grace {Inacc +Inv rC+ Str-2}
 78714 | Zot:2    | Reached XP level 27. HP: 129/226 MP: 20/41
 78720 | Zot:2    | Reached *** piety under Ashenzari
 78837 | Zot:2    | Reached skill level 15 in Spellcasting
 79850 | Zot:3    | Was forgiven by Yredelemnul
 80317 | Zot:3    | Reached **** piety under Ashenzari
 81164 | Zot:4    | Reached skill level 10 in Charms
 81168 | Zot:4    | Learned a level 2 spell: Blink
 81172 | Zot:4    | Learned a level 3 spell: Lesser Beckoning
 81802 | Zot:5    | Entered Level 5 of the Realm of Zot
 82221 | Geh:1    | Reached ***** piety under Ashenzari
 84973 | Geh:3    | Gained mutation: You are clumsy. (Dex -2) [mutagenic glow]
 85003 | Geh:3    | Gained mutation: Scrolls take you a little longer to read.
                  | [mutagenic glow]
 85056 | Geh:3    | Learned a level 5 spell: Borgnjor's Vile Clutch
 86150 | Geh:3    | Learned a level 3 spell: Spectral Weapon
 86217 | Geh:3    | Reached skill level 15 in Earth Magic
 86305 | Geh:4    | Learned a level 2 spell: Swiftness
 86839 | Geh:6    | Reduced skill Invocations to level 5
 87072 | Geh:6    | Gained mutation: You are very clumsy. (Dex -4) [mutagenic
                  | glow]
 87234 | Geh:7    | Entered Level 7 of Gehenna
 88672 | Geh:7    | Identified the +2 war axe "Xiakar" {chop, +Rage rN++ Str+4
                  | Stlth-} (You found it on level 6 of the Lair of Beasts)
 88672 | Geh:7    | Identified the cursed +1 hand axe of the Shoals {flame,
                  | Int+2} (You found it on level 2 of the Swamp)
 88672 | Geh:7    | Identified the +7 short sword of Dividends {vamp, MR+
                  | Int+6}
 88672 | Geh:7    | Identified the +5 long sword "Newtslayer" {elec, *Noise rN+
                  | Str+7} (You found it on level 2 of the Vaults)
 88672 | Geh:7    | Identified the +8 lajatang "Gram" {freeze, rElec rN+}
 89444 | Geh:7    | Reached skill level 15 in Necromancy
 89524 | Geh:7    | HP: 7/214 [Brimstone Fiend (14)]
 89547 | Geh:7    | Killed by the effects of Hell

Levels and vault maps discovered:
D:1:      wander_arrival_estate, layout_loops_ring, st_stairs_11
D:2:      layout_loops_ring
D:3:      layout_basic, lemuel_round_altar, first_ration, uniq_robin
D:4:      layout_loops_ring, vehumet_altar_wand_db, serial_shops,
          shop_fountains, uniq_natasha
D:5:      layout_layer_cave, grunt_dithmenos_shadows, uniq_blork_the_orc
D:6:      minmay_chambers_of_fours, layout_basic, led_sif_pool,
          yredelemnul_altar_generic, minmay_temple_entry_fiery
D:7:      layout_basic, grunt_temple_overflow_open,
          minmay_overflow_temple_star_quad
D:8:      minmay_skewed_foursquare, layout_gridville, kennysheep_mini_moat,
          serial_shops, shop, grunt_pizzeria, kennysheep_cluttered_room,
          kennysheep_generic_room_5
D:9:      layout_cross
D:10:     kennysheep_town, serial_shops
D:11:     layout_basic, serial_ice, serial_ice_d, serial_ice_m, serial_ice_o,
          serial_ice_h, enter_bailey_3, serial_shops, nicolae_shop_trees,
          trog_ov_bears_minmay
D:12:     layout_irregular_city, uniq_fannar
D:13:     layout_basic, nicolae_trove_entry_free_sample,
          chequers_serial_rivers_small_3
D:14:     layout_rooms, david_vaults_1, serial_shops,
          nicolae_shop_temple_entry_statues_fountains, serial_park_tiny_1
D:15:     gammafunk_depths_entry_grave, layout_cave_pods, lemuel_altar_in_water,
          evilmike_ruin_ashenzari
Temple:   eino_wide_crystal_templ
Lair:1:   layout_cave_pods, minmay_lair_oklob_chamber, lemuel_fruit_tree,
          infiniplex_staircase_pool, uniq_erica
Lair:2:   layout_gridlike, nicolae_swamp_entry_splash_gauntlet,
          serial_bayou_shore_a, uniq_harold
Lair:3:   layout_roguey, minmay_snake_entry_six_corridors
Lair:4:   layout_cave_shapes, grunt_megastairs_1
Lair:5:   layout_cave_pods, minmay_slime_entry_pillars,
          small_statue_intersection, minivault_19, serial_bayou_pond_e,
          minmay_lair_oklob_bushes, serial_bayou_pond_d, uniq_nessos
Lair:6:   gammafunk_lair_ancient_temple, layout_big_grid, lemuel_fruit_fields
Swamp:1:  layout_falls_marsh, serial_swamp_ruin, evilmike_swamp_ruin_rubble_1,
          hangedman_swamp_ruin_hall, evilmike_swamp_ruin_house_2, swamp_pool3,
          nicolae_swamp_very_dense_foliage
Swamp:2:  layout_falls_marsh, evilmike_swamp_ruin_house_6
Swamp:3:  layout_basic_swamp, nicolae_swamp_round_clearing
Swamp:4:  swamp_alternative, layout_basic_swamp
Snake:1:  layout_grid_shapes, nicolae_snake_springs, uniq_louise
Snake:2:  layout_cave_pods
Snake:3:  layout_onion, special_room, st_stairs_10, uniq_bai_suzhen
Snake:4:  johnstein_snake_rune_scales, layout_onion, serial_shops,
          nicolae_shop_waterfront, corexii_hall_statues_t
Slime:1:  layout_caves
Slime:2:  layout_caves, cheibrodos_slime_lost_civilization_7
Slime:3:  layout_caves
Slime:4:  layout_caves
Slime:5
Orc:1:    layout_diamond_mine, nicolae_orc_rockfall, minmay_orc_temple_c
Orc:2:    st_orc_open, layout_caves, basic_altar, uniq_donald, uniq_erolcha
Elf:1:    layout_loops_cross, serial_shops, nicolae_shop_stone,
          nicolae_shop_trees, hangedman_elven_crosses_minicolossus, hex_large,
          uniq_jorgrun
Elf:2:    layout_gridlike
Elf:3:    elf_hall_gauntlet_wide, layout_geoelf_diagonals, serial_shops,
          shop_fountains, shop, nicolae_shop_statue_plus, shop, shop,
          roderic_lattice_octagonal_star
Vaults:1: v_rooms_5, nicolae_vaults_little_squares_6, vaults_mumra_chevron_long,
          vaults_dpeg_diagonal, vaults_dpeg_encased_lava, grunt_vaults_swirl,
          ontoclasm_vaults_ring_square, vaults_room_mumra_shop_pool,
          v_alt_pattern_5, layout_vaults_quadrants
Vaults:2: v_alt_pattern_6, v_misc_5, nicolae_vaults_murderbox,
          nicolae_vaults_little_squares_3, hangedman_vaults_nails,
          grunt_vaults_bifocal, vaults_room_door_ring,
          nicolae_vaults_twisting_passages, nicolae_vaults_ring_of_whatevers,
          v_misc_4, nicolae_vaults_little_squares_5, grunt_vaults_hallway_short,
          hangedman_vaults_cutoff, ontoclasm_vaults_decontamination,
          layout_vaults_maze_bifur, uniq_mara
Vaults:3: v_misc_4, nicolae_vaults_diagonal_hallway_9, v_pattern_4, v_misc_32,
          minmay_crypt_entry_skeletal_spiral, v_misc_13,
          nicolae_vaults_angled_halls, nicolae_vaults_little_squares_2,
          special_room_vaults [special_room_orc], layout_vaults_chaotic_city,
          serial_shops, bzr_entry_dummy
Vaults:4: dpeg_vaults_monster_row, hangedman_vaults_snaps,
          nicolae_vaults_shelves_hall, grunt_vaults_hallway_long,
          vaults_dpeg_cross, v_misc_29, ontoclasm_vaults_twist,
          ontoclasm_vaults_ring_small, ontoclasm_vaults_hangar,
          nicolae_vaults_little_squares_1, vaults_room_fours,
          hangedman_vaults_impose, layout_vaults_ring, serial_shops, shop
Vaults:5: serial_shops, uniq_mennas
Crypt:1:  layout_misc_corridors, st_stairs_6, grunt_megastairs_4,
          uniq_saint_roka
Crypt:2:  layout_catacombs, minivault_11
Crypt:3:  cryptofortress_bobbens
Depths:1: layout_small_grid, grunt_metal_band, abyss_entry,
          grunt_decor_fettered, serial_sigils_hangedman_scratch,
          minmay_misc_feat_five, minmay_hidden_floor
Depths:2: evilmike_diamond_1, layout_gridville, serial_sigils,
          serial_sigils_hangedman_writhe, serial_sigils_hangedman_shear,
          serial_sigils_hangedman_confine, serial_sigils_hangedman_carve,
          serial_sigils_hangedman_gut, abyss_entry, pf_hell_entry_tar_spiral,
          minivault_14, nrook_kobold_shadow_demons
Depths:3: minmay_the_grid_triangle_9x9_recursive_3_mashed
          [minmay_the_grid_triangle_9x9_thin_v,
          minmay_the_grid_triangle_9x9_dagger,
          minmay_the_grid_triangle_9x9_odd_lines,
          minmay_the_grid_triangle_9x9_prize_insulated,
          minmay_the_grid_triangle_9x9_skeleton,
          minmay_the_grid_triangle_9x9_negative_grid,
          minmay_the_grid_triangle_9x9_tough_junction,
          minmay_the_grid_triangle_9x9_sparse_checkered,
          minmay_the_grid_triangle_9x9_alien], layout_honeycomb,
          enter_ziggurat_c, rand_demon_pan_entry_8, serial_shops, shop,
          ebering_ghost_inner_flame, minmay_misc_feat_secret_circle, hell_entry,
          kennysheep_small_square
Depths:4: minmay_guarded_unrand_sceptre_of_torment, layout_basic, minmay_holes,
          hangedman_coc_ice_floe, abyss_entry, infiniplex_staircase_pillars_3b,
          uniq_xtahua
Depths:5: grunt_zot_entry_gee_three, layout_long_grid, hangedman_decor_growths,
          pan_entry, hellmouth_1, hangedman_decor_diamond_cutter
Hell
Geh:1:    layout_gehenna_lava_caves, hangedman_elemental_grid_stream
Geh:2:    grunt_deathspiral_small, layout_gehenna_lava_caves,
          gehenna_fire_generator
Geh:3:    layout_gehenna_lava_caves
Geh:4:    layout_gehenna_pools_triple
Geh:5:    layout_gehenna_pools_triple, lemuel_elevator
Geh:6:    layout_gehenna_pools_basic
Geh:7:    geh_mu
Zot:1:    layout_onion, grunt_megastairs_3
Zot:2:    layout_cathedral_of_symmetry, zot_minivault_2
Zot:3:    layout_onion, st_single_dragon_hoard_4, st_single_dragon_hoard_2
Zot:4:    layout_gridville
Zot:5:    layout_misc_corridors

Skill      XL: |  1  2  3  4  5  6  7  8  9 10 11 12 13 14 15 16 17 18 19 20 21 22 23 24 25 26 27 |
---------------+----------------------------------------------------------------------------------+-----
Fighting       | 2 3 4 5 6 8 10 11 14 | 14.9
Polearms       | 3 5 7 9 10 11 12 13 14 15 16 18 20 21 23 24 | 24.0
Summonings     | 4 7 8 9 11 12 13 16 18 19 | 19.3
Invocations    | 4 6 9 0 |  0.0
Shields        | 8 11 13 14 15 | 15.0
Evocations     | 4 6 |  6.0
Hexes          | 2 |  2.0
Necromancy     | 4 7 10 15 | 15.0
Charms         | 4 8 12 | 12.1
Spellcasting   | 2 6 9 11 12 14 20 | 20.5
Dodging        | 2 7 10 12 | 12.0
Earth Magic    | 1 9 12 20 | 20.1
Conjurations   | 7 10 11 | 11.0
Translocations | 7 |  7.4
Short Blades   | |  1.0

Action                   |  1- 3 |  4- 6 |  7- 9 | 10-12 | 13-15 | 16-18 | 19-21 | 22-24 | 25-27 || total
-------------------------+-------+-------+-------+-------+-------+-------+-------+-------+-------++-------
Melee: Short sword       |   115 |    77 |       |       |       |       |       |       |       ||   192
       Tailslap          |     5 |    18 |    39 |   104 |   334 |   187 |   385 |   233 |   670 ||  1975
       Dagger            |       |    27 |       |       |       |       |       |       |       ||    27
       Spear             |       |    77 |   372 |   804 |  2094 |   724 |    26 |       |       ||  4097
       Demon trident     |       |       |       |       |       |   927 |  2090 |  1595 |  1906 ||  6518
       Trident           |       |       |       |       |       |     2 |       |       |       ||     2
       Trishula          |       |       |       |       |       |       |       |       |  2694 ||  2694
       Headbutt          |       |       |       |       |       |       |       |       |   674 ||   674
Throw: Dart              |    16 |    23 |    33 |    57 |    77 |       |       |       |       ||   206
       Boomerang         |       |     6 |       |       |       |       |       |       |       ||     6
       Throwing net      |       |       |       |       |       |     6 |       |       |       ||     6
 Cast: Call Imp          |       |       |     9 |    18 |     2 |       |       |       |       ||    29
       Summon Guardian G |       |       |       |     6 |    32 |       |       |       |       ||    38
       Regeneration      |       |       |       |       |     2 |    13 |    51 |    74 |   314 ||   454
       Monstrous Menager |       |       |       |       |       |       |     6 |       |       ||     6
       Summon Horrible T |       |       |       |       |       |       |    19 |    14 |    31 ||    64
       Apportation       |       |       |       |       |       |       |     1 |       |       ||     1
       Summon Butterflie |       |       |       |       |       |       |       |       |    14 ||    14
       Lee's Rapid Decon |       |       |       |       |       |       |       |       |    20 ||    20
       Passage of Golubr |       |       |       |       |       |       |       |       |    18 ||    18
       Malign Gateway    |       |       |       |       |       |       |       |       |     6 ||     6
       Passwall          |       |       |       |       |       |       |       |       |     6 ||     6
       Iron Shot         |       |       |       |       |       |       |       |       |     6 ||     6
       Dispel Undead     |       |       |       |       |       |       |       |       |     4 ||     4
       Spectral Weapon   |       |       |       |       |       |       |       |       |    33 ||    33
       Lesser Beckoning  |       |       |       |       |       |       |       |       |    16 ||    16
       Borgnjor's Vile C |       |       |       |       |       |       |       |       |    14 ||    14
       Blink             |       |       |       |       |       |       |       |       |     2 ||     2
       Death's Door      |       |       |       |       |       |       |       |       |     2 ||     2
Invok: Animate Remains   |       |       |       |     1 |       |       |       |       |       ||     1
       Animate Dead      |       |       |       |     2 |    32 |     1 |       |     8 |       ||    43
       Injury Mirror     |       |       |       |     1 |     5 |       |       |       |       ||     6
       Recall Undead Sla |       |       |       |     1 |     6 |     7 |     7 |    12 |       ||    33
       Drain Life        |       |       |       |       |    12 |    10 |    19 |     4 |       ||    45
       Enslave Soul      |       |       |       |       |       |     1 |       |     2 |       ||     3
       Curse Item        |       |       |       |       |       |       |       |       |     8 ||     8
       Transfer Knowledg |       |       |       |       |       |       |       |       |     4 ||     4
Evoke: Wand              |    15 |     9 |     3 |    21 |    13 |       |       |     5 |    14 ||    80
       Lamp of fire      |       |       |       |       |       |       |     1 |     3 |     4 ||     8
       Box of beasts     |       |       |       |       |       |       |     1 |       |       ||     1
       Lightning rod     |       |       |       |       |       |       |       |     7 |    14 ||    21
       Fan of gales      |       |       |       |       |       |       |       |       |     3 ||     3
       Phial of floods   |       |       |       |       |       |       |       |       |     1 ||     1
  Use: Scroll            |       |     6 |     7 |     9 |    12 |    10 |     8 |    17 |    19 ||    88
       Potion            |       |       |       |     1 |     3 |       |     3 |     4 |     9 ||    20
 Stab: Sleeping          |       |     5 |     4 |     3 |     6 |    21 |     1 |     5 |     1 ||    46
       Distracted        |       |       |       |     5 |    20 |    25 |    14 |    16 |    17 ||    97
       Confused          |       |       |       |     1 |     2 |       |       |       |       ||     3
       Paralysed         |       |       |       |       |     5 |     5 |     5 |       |       ||    15
       Petrified         |       |       |       |       |     4 |       |       |       |       ||     4
       Held in net/web   |       |       |       |       |     1 |       |       |       |       ||     1
       Petrifying        |       |       |       |       |       |       |       |       |     1 ||     1
  Eat: Chunk             |     2 |    10 |    14 |    21 |    51 |    34 |    42 |    21 |    51 ||   246
       Ration            |       |       |       |     1 |     6 |     3 |     6 |    10 |    24 ||    50
Armor: Skin              |    43 |    35 |    54 |    81 |   256 |   159 |   275 |   180 |   774 ||  1857
Dodge: Dodged            |    88 |    99 |   108 |    97 |   271 |   184 |   383 |   367 |  1287 ||  2884
Block: Other             |       |       |    38 |     9 |       |       |       |       |       ||    47
       Reflection        |       |       |     6 |    27 |    36 |   118 |    92 |    50 |    52 ||   381
       Shield            |       |       |       |   325 |  1156 |   760 |  1184 |   948 |  2845 ||  7218
